 Dungeon Crawl Stone Soup version 0.21.0-3-g78d12a8 (webtiles) character file.

779 JeffiDaFish the Cudgeler (level 7, -10/44 HPs)
             Began as a Gargoyle Fighter on Jan 9, 2018.
             Mangled by an ogre
             ... wielding a +0 giant spiked club
              (16 damage)
             ... on level 4 of the Dungeon.
             The game lasted 00:05:38 (4239 turns).

JeffiDaFish the Cudgeler (Gargoyle Fighter)         Turns: 4239, Time: 00:05:40

Health: -10/44     AC: 14    Str: 20    XL:     7   Next: 85%
Magic:  7/7        EV:  8    Int:  8    God:
Gold:   159        SH: 10    Dex: 11    Spells: 6/6 levels left

rFire    + + +     SeeInvis +   a - +2 flail
rCold    x x .     Gourm    .   c - +0 shield
rNeg     + . .     Faith    .   l - +0 fire dragon scales
rPois    ∞         Spirit   .   (no helmet)
rElec    +         Reflect  .   (no cloak)
rCorr    .         Harm     .   (no gloves)
MR       .....                  (no boots)
Stlth    ..........             (no amulet)
HPRegen  0.14/turn              h - ring of fire
MPRegen  0.10/turn              i - ring of see invisible (curse)

@: no status effects
A: negative energy resistance 1, electricity resistance, unbreathing,
petrification resistance, rot immunity, AC +4
a: no special abilities


You were on level 4 of the Dungeon.
You were not hungry.

You visited 1 branch of the dungeon, and saw 4 of its levels.

You collected 159 gold pieces.

Inventory:

Hand Weapons
 a - a +2 flail (weapon)
Armour
 c - a +0 shield (worn)
 l - +0 fire dragon scales (worn)
Jewellery
 h - a ring of fire (left hand)
 i - a cursed ring of see invisible (right hand)
Scrolls
 e - 4 scrolls of identify
 g - 4 scrolls of teleportation
 k - a scroll of fog
Potions
 d - 2 potions of ambrosia
Comestibles
 f - 9 rations


   Skills:
 + Level 4.7 Fighting
 + Level 5.6 Maces & Flails
 + Level 4.8 Armour
 + Level 1.5 Dodging
 + Level 0.4 Stealth
 + Level 5.4 Shields
 + Level 0.4 Unarmed Combat


You had 6 spell levels left.
You didn't know any spells.

Dungeon Overview and Level Annotations

Branches:
Dungeon (4/15)
 Temple: D:4-7

Altars:
Gozag


Innate Abilities, Weirdness & Mutations

You are resistant to torment.
Your stone body is resilient. (AC +4)
You are immune to poison.
You resist negative energy. (rN+)
You are resistant to electric shocks. (rElec)
You can survive without breathing.
You are immune to petrification.
You are immune to rotting.


Message History

You are too injured to fight recklessly!
You sock the jackal!
You kill the jackal!
You see here a jackal corpse.
You butcher the jackal corpse.
b - a chunk of flesh You see here a jackal skeleton.
You start resting.
Eating a chunk of flesh.
You eat the chunk of flesh.
This raw flesh tastes terrible.
HP restored.
There is a stone staircase leading down, spattered with blood here.
You climb downwards.
The ogre hits you with a giant spiked club!!
Ouch! That really hurt!
The orc priest mumbles some strange prayers to Beogh against you.
Beogh smites you!
* * * LOW HITPOINT WARNING * * *
The ogre hits you with a giant spiked club!
You die...

...._.. ..
...... .g.#
8... ....g####
...
......g.###.#
### #(.##.###.#
##.##.....#
###.....†@"#
#......###O###
#..###.## #h#
.. #...##r# #
###r.hZ#.#
###oo..#
......o..#.....
####...........
#...##......


You could see an ogre, an orc priest, 2 orcs, a hound zombie, a quokka and 2
jackals.

Vanquished Creatures
  Grinder (D:3)
  Sigmund (D:3)
  A howler monkey (D:4)
  A jelly (D:3)
  2 hounds (D:4)
  An iguana (D:4)
  Ijyb (D:3)
  Natasha (twice) (D:3)
  5 gnolls
  3 adders (D:2)
  A shadow imp (D:4)
  9 oozes (D:3)
  An adder skeleton (D:4)
  4 dart slugs
  3 leopard geckos
  3 bats
  2 giant cockroaches (D:3)
  7 goblins
  2 hobgoblins
  6 jackals
  12 kobolds
  3 quokkas
  A ball python (D:1)
  4 frilled lizards
  9 rats
  A fungus (D:3)
86 creatures vanquished.

Vanquished Creatures (others)
  2 fungi (D:3)
  5 toadstools (D:3)
7 creatures vanquished.

Grand Total: 93 creatures vanquished

Notes
Turn   | Place    | Note
-------+----------+-------------------------------------------
     0 | D:1      | JeffiDaFish the Gargoyle Fighter began the quest for the Orb.
     0 | D:1      | Reached XP level 1. HP: 14/14 MP: 1/1
   103 | D:1      | Reached XP level 2. HP: 11/19 MP: 2/2
   147 | D:1      | Reached XP level 3. HP: 5/23 MP: 3/3
  1667 | D:2      | Reached XP level 4. HP: 29/29 MP: 4/4
  2393 | D:3      | Noticed Ijyb
  2407 | D:3      | Killed Ijyb
  2407 | D:3      | Reached XP level 5. HP: 23/33 MP: 5/5
  2568 | D:3      | Noticed Grinder
  2576 | D:3      | Paralysed by Grinder for 7 turns
  2590 | D:3      | Paralysed by Grinder for 5 turns
  2603 | D:3      | Paralysed by Grinder for 2 turns
  2610 | D:3      | Paralysed by Grinder for 7 turns
  2628 | D:3      | Killed Grinder
  2628 | D:3      | Reached skill level 1 in Dodging
  2628 | D:3      | Reached XP level 6. HP: 19/38 MP: 6/6
  2935 | D:3      | Noticed Sigmund
  2965 | D:3      | Killed Sigmund
  2965 | D:3      | Reached skill level 5 in Shields
  2965 | D:3      | Reached XP level 7. HP: 7/43 MP: 7/7
  3591 | D:3      | Noticed Natasha
  3600 | D:3      | Killed Natasha
  3779 | D:3      | Noticed Natasha
  3783 | D:3      | Killed Natasha
  3783 | D:3      | Reached skill level 5 in Maces & Flails
  3899 | D:4      | Found an opulent altar of Gozag.
  4239 | D:4      | Mangled by an ogre

Skill      XL: |  1  2  3  4  5  6  7 |
---------------+----------------------+-----
Shields        | 4 5 |  5.4
Maces & Flails | 3 4 5 |  5.6
Armour         | 4 |  4.8
Dodging        | 1 |  1.5
Fighting       | 4 |  4.7
Stealth        | |  0.4
Unarmed Combat | |  0.4

Action                   |  1- 3 |  4- 6 |  7- 9 || total
-------------------------+-------+-------+-------++-------
Melee: Flail             |   106 |   119 |   110 ||   335
       Unarmed           |       |     9 |       ||     9
  Use: Potion            |     3 |     3 |       ||     6
       Scroll            |     4 |     1 |     1 ||     6
  Eat: Chunk             |     2 |     4 |     2 ||     8
       Ration            |       |       |     1 ||     1
Armor: Scale mail        |    47 |    10 |       ||    57
       Chain mail        |       |    33 |    18 ||    51
       Skin              |       |     3 |       ||     3
       Fire dragon scale |       |       |    71 ||    71
Dodge: Dodged            |    40 |    31 |    56 ||   127
Block: Shield            |    50 |    56 |    82 ||   188
